MLB
MIAMI MARLINS @ CHICAGO CUBS
05/23/2044
 
TOP OF THE 1ST
Miami Marlins batting - Pitching for Chicago Cubs : LHP Anass Rhammar
Pitching: LHP Anass Rhammar
Batting: RHB Roger Salazar 0-0: Ball
1-0: SINGLE (Groundball, 34D, EV 95.6 MPH)
Batting: RHB Micah Christopher 0-0: Ball
Roger Salazar steals 2nd, throwing error, E2
Roger Salazar to third
1-0: Ball
2-0: Swinging Strike
2-1: Ground out 6-3 (Groundball, 56D, EV 100.0 MPH)
Roger Salazar scores
Batting: LHB Andre Gorter 0-0: Ball
1-0: Ball
2-0: Ball
3-0: Called Strike
3-1: Fly out, F7 (Flyball, 7, EV 90.6 MPH)
Batting: RHB Jimmy Groseclose 0-0: Ball
1-0: Ball
2-0: SINGLE (Flyball, 34D, EV 90.6 MPH)
Batting: RHB Jeff Garofalo 0-0: SINGLE (Line Drive, 5D, EV 100.6 MPH)
Jimmy Groseclose to second
Batting: RHB Justin Huff 0-0: Ball
1-0: Ball
2-0: Fielders Choice at 2nd, 5-4 (Groundball, 56, EV 90.6 MPH)
Top of the 1st over - 1 run, 3 hits, 1 error, 2 left on base; Miami 1 - Chicago 0
BOTTOM OF THE 1ST
Chicago Cubs batting - Pitching for Miami Marlins : RHP Alex Mora
Pitching: RHP Alex Mora
Batting: RHB Yasuhide Kasahara 0-0: Ball
1-0: Swinging Strike
1-1: SINGLE (Groundball, 4MD, EV 95.0 MPH)
Batting: RHB Elijah Campbell 0-0: Ball
1-0: Called Strike
1-1: Called Strike
1-2: Ball
2-2: Strikes out swinging
Batting: RHB Efrain Vargas 0-0: Ball
1-0: Ball
Yasuhide Kasahara steals 2nd base
2-0: Ground out U3 (Groundball, 34, EV 85.6 MPH)
Yasuhide Kasahara to third
Batting: RHB Josh Kalman 0-0: Ball
1-0: Foul Ball, location: 2F
1-1: Ball
2-1: Ground out 5-3 (Groundball, 56S, EV 87.5 MPH)
Bottom of the 1st over - 0 runs, 1 hit, 0 errors, 1 left on base; Miami 1 - Chicago 0
TOP OF THE 2ND
Miami Marlins batting - Pitching for Chicago Cubs : LHP Anass Rhammar
Batting: RHB Seth Tramontano 0-0: Called Strike
0-1: Called Strike
0-2: Foul Ball, location: 2F
0-2: Ball
1-2: Ball
2-2: Strikes out swinging
Batting: RHB Tommy Hughes 0-0: Foul Ball, location: 2F
0-1: Ball
1-1: Called Strike
1-2: Foul Ball, location: 2F
1-2: Strikes out swinging
Batting: RHB Eric Jordan 0-0: Called Strike
0-1: Ball
1-1: Foul Ball, location: 2F
1-2: Foul Ball, location: 2F
1-2: Foul Ball, location: 2F
1-2: Ball
2-2: Foul Ball, location: 2F
2-2: Strikes out looking
Top of the 2nd over - 0 runs, 0 hits, 0 errors, 0 left on base; Miami 1 - Chicago 0
BOTTOM OF THE 2ND
Chicago Cubs batting - Pitching for Miami Marlins : RHP Alex Mora
Batting: RHB Steve Bui 0-0: Called Strike
0-1: Ground out 4-3 (Groundball, 4, EV 85.6 MPH)
Batting: RHB Adam O'Hare 0-0: Swinging Strike
0-1: Called Strike
0-2: Strikes out swinging
Batting: SHB Art Kent 0-0: Foul Ball, location: 2F
0-1: Ball
1-1: SINGLE (Groundball, 56D, EV 107.5 MPH)
Batting: RHB Jamie Ogilvie 0-0: Ball
Art Kent steals 2nd base
1-0: Called Strike
1-1: Called Strike
1-2: Foul Ball, location: 2F
1-2: Strikes out swinging
Bottom of the 2nd over - 0 runs, 1 hit, 0 errors, 1 left on base; Miami 1 - Chicago 0
TOP OF THE 3RD
Miami Marlins batting - Pitching for Chicago Cubs : LHP Anass Rhammar
Batting: RHB Roger Salazar 0-0: Ball
1-0: Ground out 6-3 (Groundball, 6, EV 101.9 MPH)
Batting: RHB Micah Christopher 0-0: Ball
1-0: Called Strike
1-1: Foul Ball, location: 2F
1-2: Foul Ball, location: 2F
1-2: Ball
2-2: Foul Ball, location: 2F
2-2: Ball
3-2: Strikes out swinging
Batting: LHB Andre Gorter 0-0: Called Strike
0-1: Swinging Strike
0-2: Strikes out swinging
Top of the 3rd over - 0 runs, 0 hits, 0 errors, 0 left on base; Miami 1 - Chicago 0
BOTTOM OF THE 3RD
Chicago Cubs batting - Pitching for Miami Marlins : RHP Alex Mora
Batting: RHB Andy Wasierski 0-0: Foul Ball, location: 2F
0-1: Ground out 6-3 (Groundball, 6, EV 102.5 MPH)
Batting: RHB Yasuhide Kasahara 0-0: Ground out 3-1 (Groundball, 34, EV 83.8 MPH)
Batting: RHB Elijah Campbell 0-0: Ball
1-0: Ground out 5-3 (Groundball, 56, EV 88.1 MPH)
Bottom of the 3rd over - 0 runs, 0 hits, 0 errors, 0 left on base; Miami 1 - Chicago 0
TOP OF THE 4TH
Miami Marlins batting - Pitching for Chicago Cubs : LHP Anass Rhammar
Batting: RHB Jimmy Groseclose 0-0: Foul Ball, location: 2F
0-1: Ball
1-1: Ground out 5-3 (Groundball, 56, EV 103.8 MPH)
Batting: RHB Jeff Garofalo 0-0: Foul Ball, location: 2F
0-1: Foul Ball, location: 2F
0-2: Fly out, F8 (Flyball, 89D, EV 96.3 MPH)
Batting: RHB Justin Huff 0-0: Ground out 6-3 (Groundball, 6MD, EV 85.6 MPH)
Top of the 4th over - 0 runs, 0 hits, 0 errors, 0 left on base; Miami 1 - Chicago 0
BOTTOM OF THE 4TH
Chicago Cubs batting - Pitching for Miami Marlins : RHP Alex Mora
Batting: RHB Efrain Vargas 0-0: Ball
1-0: Ball
2-0: Ball
3-0: Called Strike
3-1: Base on Balls
Batting: RHB Josh Kalman 0-0: Called Strike
0-1: Ball
1-1: Called Strike
1-2: 2-RUN HOME RUN (Flyball, 78XD, EV 115.0 MPH), Distance : 444 ft
Batting: RHB Steve Bui 0-0: Ground out U3 (Groundball, 34, EV 98.8 MPH)
Batting: RHB Adam O'Hare 0-0: Swinging Strike
0-1: Fly out, F3 (Popup, 34, EV 79.4 MPH)
Batting: SHB Art Kent 0-0: Called Strike
0-1: Ball
1-1: Ground out 6-3 (Groundball, 6, EV 96.3 MPH)
Bottom of the 4th over - 2 runs, 1 hit, 0 errors, 0 left on base; Miami 1 - Chicago 2
TOP OF THE 5TH
Miami Marlins batting - Pitching for Chicago Cubs : LHP Anass Rhammar
Batting: RHB Seth Tramontano 0-0: Ball
1-0: Ball
2-0: Called Strike
2-1: Foul Ball, location: 2F
2-2: Ground out 6-3 (Groundball, 6, EV 103.8 MPH)
Batting: RHB Tommy Hughes 0-0: Called Strike
0-1: Called Strike
0-2: Ball
1-2: Ball
2-2: Strikes out looking
Batting: RHB Eric Jordan 0-0: Ball
1-0: SINGLE (Line Drive, 7S, EV 95.6 MPH)
Batting: RHB Roger Salazar 0-0: Called Strike
0-1: TRIPLE (Flyball, 9LD, EV 91.3 MPH)
Eric Jordan scores
Batting: RHB Micah Christopher 0-0: Ball
1-0: Fly out, F9 (Flyball, 9S, EV 78.8 MPH)
Top of the 5th over - 1 run, 2 hits, 0 errors, 1 left on base; Miami 2 - Chicago 2
BOTTOM OF THE 5TH
Chicago Cubs batting - Pitching for Miami Marlins : RHP Alex Mora
Batting: RHB Jamie Ogilvie 0-0: Ball
1-0: Reached on error, E5 (Groundball, 56, EV 78.8 MPH)
Batting: RHB Andy Wasierski 0-0: Grounds into double play, 6-4-3 (Groundball, 6, EV 105.6 MPH)
Batting: RHB Yasuhide Kasahara 0-0: SINGLE (Groundball, 4MD, EV 95.6 MPH)
Batting: RHB Elijah Campbell 0-0: Called Strike
0-1: Ball
1-1: Fly out, F6 (Line Drive, 6, EV 74.4 MPH)
Bottom of the 5th over - 0 runs, 1 hit, 1 error, 1 left on base; Miami 2 - Chicago 2
TOP OF THE 6TH
Miami Marlins batting - Pitching for Chicago Cubs : LHP Anass Rhammar
Batting: LHB Andre Gorter 0-0: Called Strike
0-1: Called Strike
0-2: Strikes out looking
Batting: RHB Jimmy Groseclose 0-0: Reached on error, E6 (Groundball, 6MS, EV 82.5 MPH)
Batting: RHB Jeff Garofalo 0-0: Ball
1-0: Fly out, F4 (Flyball, 4D, EV 79.4 MPH)
Batting: RHB Justin Huff 0-0: Ground out 6-3 (Groundball, 6, EV 85.0 MPH)
Top of the 6th over - 0 runs, 0 hits, 1 error, 1 left on base; Miami 2 - Chicago 2
BOTTOM OF THE 6TH
Chicago Cubs batting - Pitching for Miami Marlins : RHP Alex Mora
Batting: RHB Efrain Vargas 0-0: Fly out, F7 (Flyball, 7LM, EV 85.0 MPH)
Batting: RHB Josh Kalman 0-0: Ball
1-0: Ball
2-0: Called Strike
2-1: Foul Ball, location: 2F
2-2: Strikes out looking
Batting: RHB Steve Bui 0-0: Foul Ball, location: 2F
0-1: Ball
1-1: Ball
2-1: Ball
3-1: Called Strike
3-2: SINGLE (Flyball, 56D, EV 92.5 MPH)
Batting: RHB Adam O'Hare Pickoff Throw to First - Out! 1-3
Bottom of the 6th over - 0 runs, 1 hit, 0 errors, 0 left on base; Miami 2 - Chicago 2
TOP OF THE 7TH
Miami Marlins batting - Pitching for Chicago Cubs : LHP Anass Rhammar
Batting: RHB Seth Tramontano 0-0: Called Strike
0-1: Ball
1-1: Foul Ball, location: 2F
1-2: Ball
2-2: Fly out, F9 (Flyball, 89S, EV 91.3 MPH)
Batting: RHB Tommy Hughes 0-0: Called Strike
0-1: Ball
1-1: Ball
2-1: Swinging Strike
2-2: Strikes out looking
Batting: RHB Eric Jordan 0-0: Ball
1-0: Ball
2-0: Called Strike
2-1: Ground out 6-3 (Groundball, 6, EV 88.1 MPH)
Top of the 7th over - 0 runs, 0 hits, 0 errors, 0 left on base; Miami 2 - Chicago 2
BOTTOM OF THE 7TH
Chicago Cubs batting - Pitching for Miami Marlins : RHP Alex Mora
Batting: RHB Adam O'Hare 0-0: Ball
1-0: SOLO HOME RUN (Flyball, 78XD, EV 100.6 MPH), Distance : 392 ft
Batting: SHB Art Kent 0-0: Fly out, F5 (Popup, 56S, EV 80.6 MPH)
Batting: RHB Jamie Ogilvie 0-0: SOLO HOME RUN (Flyball, 78XD, EV 96.9 MPH), Distance : 381 ft
Batting: RHB Andy Wasierski 0-0: Ground out 5-3 (Groundball, 5, EV 86.3 MPH)
Batting: RHB Yasuhide Kasahara 0-0: SINGLE (Line Drive, 9S, EV 108.1 MPH)
Batting: RHB Elijah Campbell 0-0: Called Strike
0-1: Ball
1-1: Ball
2-1: Called Strike
2-2: Fly out, F8 (Flyball, 78D, EV 77.5 MPH)
Bottom of the 7th over - 2 runs, 3 hits, 0 errors, 1 left on base; Miami 2 - Chicago 4
TOP OF THE 8TH
Miami Marlins batting - Pitching for Chicago Cubs : LHP Anass Rhammar
Batting: RHB Roger Salazar 0-0: SINGLE (Groundball, 4D, EV 107.5 MPH)
Batting: RHB Micah Christopher 0-0: Ball
1-0: Sac Bunt to 23 - play at first, batter OUT! 3-4
Roger Salazar to second
Pinch Hitting: SHB Matt Altieri 0-0: Fly out, F8 (Flyball, 8LD, EV 76.9 MPH)
Batting: RHB Jimmy Groseclose 0-0: Called Strike
0-1: SINGLE (Groundball, 6MD, EV 105.6 MPH)
Roger Salazar to third
Throwing error, E8
Roger Salazar scores
Jimmy Groseclose to second
Batting: RHB Jeff Garofalo 0-0: Ball
1-0: Ball
2-0: Ball
3-0: Base on Balls
Pitching: RHP Eric Oakes
Pinch Runner at 2nd Gavin Helton:
Batting: RHB Justin Huff 0-0: Swinging Strike
0-1: Swinging Strike
0-2: Ball
1-2: Strikes out swinging
Top of the 8th over - 1 run, 2 hits, 1 error, 2 left on base; Miami 3 - Chicago 4
BOTTOM OF THE 8TH
Chicago Cubs batting - Pitching for Miami Marlins : RHP Alex Mora
Now in LF: Matt Altieri
Now in CF: Luis Aguilar
Now in RF: Seth Tramontano
Batting: RHB Efrain Vargas 0-0: SOLO HOME RUN (Flyball, 9D, EV 97.5 MPH), Distance : 382 ft
Pitching: RHP Jose Ramirez
Batting: RHB Josh Kalman 0-0: Foul Ball, location: 2F
0-1: Ball
1-1: Called Strike
1-2: Ball
2-2: Ball
3-2: Foul Ball, location: 2F
3-2: Base on Balls
Batting: RHB Steve Bui 0-0: Ball
1-0: Called Strike
1-1: Grounds into double play, 6-4-3 (Groundball, 6MD, EV 89.4 MPH)
Batting: RHB Adam O'Hare 0-0: Called Strike
0-1: Called Strike
0-2: Ball
1-2: Ground out 6-3 (Groundball, 6, EV 81.3 MPH)
Bottom of the 8th over - 1 run, 1 hit, 0 errors, 0 left on base; Miami 3 - Chicago 5
TOP OF THE 9TH
Miami Marlins batting - Pitching for Chicago Cubs : RHP Eric Oakes
Pitching: LHP George Poirier
Batting: RHB Seth Tramontano 0-0: Ball
1-0: Called Strike
1-1: Ball
2-1: Ball
3-1: Swinging Strike
3-2: Foul Ball, location: 2F
3-2: Strikes out swinging
Batting: RHB Tommy Hughes 0-0: Foul Ball, location: 2F
0-1: Foul Ball, location: 2F
0-2: SINGLE (Line Drive, 34D, EV 108.8 MPH)
Batting: RHB Eric Jordan 0-0: Called Strike
0-1: Foul Ball, location: 2F
0-2: Ball
1-2: Foul Ball, location: 2F
1-2: Ball
2-2: Foul Ball, location: 2F
2-2: Fly out, F9 (Flyball, 9, EV 81.3 MPH)
Batting: RHB Roger Salazar 0-0: Swinging Strike
0-1: Swinging Strike
0-2: Foul Ball, location: 2F
0-2: Ball
1-2: Ball
2-2: Strikes out swinging
Top of the 9th over - 0 runs, 1 hit, 0 errors, 1 left on base; Miami 3 - Chicago 5
Thursday, March 31st , 2022 - OOTP Baseball 22.12 Build 89